 Dungeon Crawl Stone Soup version 0.30-a0-1114-gd936c97349 (webtiles) character file.

Game seed: 11516245933658561485

274 scionoferis the Cutter (level 6, 0/33 HPs)
             Began as a Vine Stalker Fighter on Apr 20, 2023.
             Slain by a gnoll
             ... wielding a +0 club
              (6 damage)
             ... on level 4 of the Dungeon.
             The game lasted 00:06:48 (2517 turns).

scionoferis the Cutter (Vine Stalker Fighter)       Turns: 2517, Time: 00:06:49

Health: 0/33       AC:  2    Str: 20    XL:     6   Next: 24%
Magic:  0/7        EV: 10    Int:  8    God:
Gold:   193        SH:  5    Dex: 14    Spells: 5/5 levels left

rFire   + . .      SeeInvis .    a - +0 rapier
rCold   . . .      Faith    .    c - +0 buckler
rNeg    . . .      Spirit   +    w - +2 leather armour {rF+}
rPois   .          Reflect  .    i - +2 helmet
rElec   .          Rampage  .    h - +0 cloak
rCorr   .                        j - +0 pair of gloves
Will    .....                    (no boots)
Stlth   +                        (no amulet)
HPRegen 1.05/turn                u - +4 ring of protection
MPRegen 0.10/turn                (no ring)

@: corroded
A: fangs 2, regeneration 1, magic shield, antimagic bite, no potion heal 2
a: no special abilities


You were on level 4 of the Dungeon.
You visited 1 branch of the dungeon, and saw 4 of its levels.

You collected 193 gold pieces.


Innate Abilities, Weirdness & Mutations

You have extremely sharp teeth.
Your natural rate of healing is unusually fast.
When hurt, damage is shared between your health and your magic reserves.
Your bite disrupts and absorbs the magic of your enemies.
Potions cannot restore your health.


   Skills:
 + Level 3.8 Fighting
 * Level 4.2 Short Blades
 - Level 2.4 Armour
 + Level 3.8 Shields


You had 5 spell levels left.
You didn't know any spells.
Your spell library contained the following spells:

 Spells                   Type           Power      Damage    Failure   Level
 Cigotuvi's Dreadful Rot  Necr/Pois/Air  0%         N/A       69%         2
 Ensorcelled Hibernation  Hex/Ice        0%         N/A       69%         2
 Passwall                 Tmut/Erth      0%         N/A       69%         2
 Ignite Poison            Fire/Tmut/Pois 0%         N/A       89%         3
 Swiftness                Air            0%         N/A       89%         3
 Freezing Cloud           Conj/Ice/Air   0%         6-21      100%        5

Inventory:

Hand Weapons
 a - a +0 rapier (weapon)
Missiles
 k - 4 javelins (quivered)
Armour
 c - a +0 buckler (worn)
 h - a +0 cloak (worn)
   (You found it on level 1 of the Dungeon)
 i - a +2 helmet (worn)
   (You found it on level 2 of the Dungeon)
 j - a +0 pair of gloves (worn)
   (You found it on level 3 of the Dungeon)
 w - a +2 leather armour of fire resistance (worn)
   (You took it off an orc on level 3 of the Dungeon)
Jewellery
 b - the amulet of Wosujesh {Harm +Inv rC- Regen+ SInv}
   (You found it on level 3 of the Dungeon)

   [amulet of regeneration]

   rC:        It makes you vulnerable to cold.
   SInv:      It lets you see invisible.
   +Inv:      It lets you turn invisible.
   Regen:     It increases your rate of health regeneration.
   Harm:      It increases damage dealt and taken.
 u - a +4 ring of protection (left hand)
   (You found it on level 3 of the Dungeon)
 x - the ring of Checkmate {Fire rCorr Dex+4}
   (You took it off a hobgoblin on level 3 of the Dungeon)

   [ring of fire]

   It enhances your fire magic.
   Dex:       It affects your dexterity (+4).
   rF:        It protects you from fire.
   rC:        It makes you vulnerable to cold.
   rCorr:     It protects you from acid and corrosion.
Wands
 s - a wand of acid (6)
   (You found it on level 3 of the Dungeon)
Scrolls
 e - a scroll of torment
 f - a scroll of fog
 n - 2 scrolls of vulnerability
 p - a scroll of silence
 t - a scroll of amnesia
 v - 3 scrolls of magic mapping
Potions
 d - 3 potions of might
 g - a potion of invisibility {unknown}
 l - a potion of degeneration {unknown}
 m - 2 potions of curing {unknown}
 o - 2 potions of brilliance {unknown}
 q - a potion of mutation {unknown}
 r - a potion of ambrosia {unknown}
 z - a potion of haste {unknown}

Dungeon Overview and Level Annotations

Branches:
Dungeon (4/15)
 Temple: D:4-7

Altars:
Wu Jian

Shops:
D:1

: #################
........(..[....####
#########...)).....#
.........#####....##
######..# #....#
##......# #....#
+...<..### #....#
#...g@...# #....#
##.).....# #....#
.....###...# ######
..#.. #..... ....W.
....... ........
....... .####### .
.#... ......


You could see a gnoll.


Message History

You hit the goblin but do no damage. Your bite misses the goblin.
The goblin hits you with a +0 dagger.
You hit the goblin.
You kill the goblin!
No target in view!
Things that are here:
a +0 dagger; a hobgoblin corpse
Things that are here:
a +0 dagger; a hobgoblin corpse A dart slug comes into view.
You hit the dart slug.
The dart slug is moderately wounded.
You hit the dart slug. You bite the dart slug.
You kill the dart slug!
Your Fighting skill increases to level 3!
Your Shields skill increases to level 3!
You have reached level 3!
Your experience leads to an increase in your attributes!
Increase (S)trength, (I)ntelligence, or (D)exterity?
You feel stronger. x2
You see here a dart slug corpse.
Found a short sword.
A hobgoblin comes into view.
Found a stone staircase leading down.
The hobgoblin shouts!
A bat comes into view.
You hit the bat.
You kill the bat!
You see here a bat corpse.
You barely miss the hobgoblin. You bite the hobgoblin. You drain its power.
The hobgoblin is lightly wounded.
The hobgoblin hits you but does no damage.
You hit the hobgoblin. You bite the hobgoblin.
You kill the hobgoblin!
No target in view!
You now have 73 gold pieces (gained 12).
Found 8 stones.
A rat comes into view.
The rat barely misses you.
You barely miss the rat. The rat barely misses you.
You closely miss the rat. You bite the rat.
You kill the rat!
No target in view!
You see here a rat corpse.
A hobgoblin comes into view.
The hobgoblin shouts!
The hobgoblin barely misses you.
You barely miss the hobgoblin.
You bite the hobgoblin, but do no damage.
The hobgoblin hits you.
You closely miss the hobgoblin.
The hobgoblin hits you but does no damage.
You block the hobgoblin's attack.
You hit the hobgoblin but do no damage.
The hobgoblin hits you but does no damage.
You puncture the hobgoblin!
You kill the hobgoblin!
No target in view!
No target in view!
Magic restored.
You see here a hobgoblin corpse.
You now have 83 gold pieces (gained 10).
You see here a rat corpse.
You see here a +0 short sword.
A bat comes into view.
You block the bat's attack.
You miss the bat. Your bite misses the bat. The bat barely misses you.
You hit the bat but do no damage. Your bite misses the bat.
The bat barely misses you. You block the bat's attack.
You hit the bat but do no damage. Your bite misses the bat. The bat hits you.
The bat closely misses you. The bat hits you but does no damage.
The bat closely misses you. The bat hits you but does no damage. x2
You closely miss the bat. You bite the bat.
You kill the bat!
No target in view!
No target in view!
A ball python comes into view.
The ball python bites you but does no damage.
The ball python grabs you. The ball python constricts you.
You hit the ball python.
You kill the ball python!
No target in view!
Done exploring.
Done exploring.
Search for what [? for help]? d: Unknown command.
Save game and exit?
Welcome back, scionoferis the Vine Stalker Fighter.
Press ? for a list of commands and other information.
There is a stone staircase leading down here.
Done exploring.
You climb downwards.
Found a runed helmet.
There is a stone staircase leading up here.
Search for what [? for help]? shop Unknown command.
You block the worm's attack.
You puncture the worm!
The worm is heavily wounded.
The worm bites you but does no damage.
You hit the worm.
The worm is severely wounded.
You hit the worm. You bite the worm.
You kill the worm!
An adder comes into view.
The adder hisses angrily.
You miss the adder. You bite the adder. You drain its power.
The adder is moderately wounded.
The adder bites you but does no damage. The adder bites you.
You hit the adder. Your bite misses the adder.
The adder is severely wounded.
You block the adder's attack.
An endoplasm comes into view.
You miss the adder.
The endoplasm quivers.
You bite the adder.
You kill the adder!
The endoplasm freezes you.
You are frozen.
You hit the endoplasm.
You kill the endoplasm!
Found a robe.
Found a robe.
You see here a +2 helmet.
i - a +2 helmet You start putting on your armour.
You continue putting on your +2 helmet. x4
You finish putting on your +2 helmet.
HP restored.
You now have 91 gold pieces (gained 8).
Found 6 stones.
A goblin comes into view. It is wielding a +0 club.
The goblin shouts!
A hobgoblin comes into view.
The hobgoblin shouts!
You closely miss the goblin. Your bite misses the goblin.
The goblin hits you but does no damage.
You hit the goblin.
You kill the goblin!
Found a scroll labelled KOLOL NYATHEOM.
You see here a +0 club.
You hit the hobgoblin.
The hobgoblin is heavily wounded.
The hobgoblin barely misses you. x2
You hit the hobgoblin. Your bite misses the hobgoblin.
The hobgoblin is almost dead.
The hobgoblin hits you but does no damage.
You hit the hobgoblin.
You kill the hobgoblin!
No target in view!
j - a scroll labelled KOLOL NYATHEOM
Found a whip.
Found 4 javelins.
You see here 4 javelins.
k - 4 javelins A goblin comes into view.
It is wielding a +0 dagger.
The goblin shouts!
The goblin moves out of view.
An endoplasm comes into view.
The endoplasm quivers.
The endoplasm jiggles.
You puncture the goblin!
You kill the goblin!
You hit the endoplasm.
The endoplasm is almost dead.
The endoplasm freezes you.
You are frozen.
You hit the endoplasm.
You kill the endoplasm!
No target in view!
Magic restored.
Found a flail.
l - a smoky black potion
Found a stone staircase leading down.
A goblin comes into view. It is wielding a +0 club.
The goblin shouts!
The goblin hits you but does no damage.
You closely miss the goblin. You bite the goblin. You drain its power.
The goblin is severely wounded.
You block the goblin's attack.
You barely miss the goblin. Your bite misses the goblin.
The goblin is severely wounded.
The goblin barely misses you.
You closely miss the goblin. You bite the goblin, but do no damage.
The goblin is severely wounded.
The goblin hits you but does no damage.
You hit the goblin.
You kill the goblin!
No target in view!
An adder comes into view.
You block the adder's attack.
You hit the adder.
The adder is moderately wounded.
You block the adder's attack.
You closely miss the adder.
The adder is moderately wounded.
The adder closely misses you. The adder bites you but does no damage.
You miss the adder.
The adder is moderately wounded.
The adder bites you but does no damage.
You hit the adder.
The adder is severely wounded.
The adder bites you but does no damage.
You closely miss the adder.
The adder is severely wounded.
The adder closely misses you. You block the adder's attack.
You hit the adder.
You kill the adder!
Your Short Blades skill increases to level 3!
You have reached level 4!
You feel agile.
You begin to heal more quickly.
You open the door.
A bat comes into view.
The bat hits you but does no damage.
You miss the bat. Your bite misses the bat. You block the bat's attack.
You closely miss the bat. You block the bat's attack.
The bat hits you but does no damage. x2
There is an open door here.
You barely miss the bat. Your bite misses the bat.
The bat hits you but does no damage. x2
The bat hits you.
You closely miss the bat. Your bite misses the bat. The bat closely misses you.
The bat misses you.
You hit the bat.
You kill the bat!
You open the door.
There is an open door here.
m - 2 murky blue potions You open the door.
There is an open door here.
You open the door.
There is an open door here.
You open the door.
There is an open door here.
n - a scroll labelled FADILYTAXT You open the door.
There is an open door here.
You open the door.
Found a ring mail.
There is an open door here.
You now have 103 gold pieces (gained 12).
You open the door.
There is an open door here.
You open the door.
A giant cockroach comes into view.
You hit the giant cockroach. You bite the giant cockroach.
You kill the giant cockroach!
No target in view!
n - 2 scrolls labelled FADILYTAXT (gained 1)
You see here a giant cockroach corpse.
Found 5 stones.
A quokka comes into view.
A quokka is nearby!
You closely miss the quokka. You block the quokka's attack.
You hit the quokka. Your bite misses the quokka.
The quokka is severely wounded.
The quokka barely misses you. The quokka closely misses you.
You completely miss the quokka.
The quokka is severely wounded.
You block the quokka's attack.
You hit the quokka.
You kill the quokka!
No target in view!
Found a stone staircase leading up.
You see here 5 stones.
o - 2 blue potions
p - a scroll labelled TUN ANWACUQ A giant cockroach comes into view.
The giant cockroach waves its antennae.
The giant cockroach bites you but does no damage.
You closely miss the giant cockroach. Your bite misses the giant cockroach.
You block the giant cockroach's attack.
You barely miss the giant cockroach.
You bite the giant cockroach, but do no damage.
The giant cockroach bites you.
You closely miss the giant cockroach. Your bite misses the giant cockroach.
The giant cockroach bites you but does no damage. x2
You hit the giant cockroach.
The giant cockroach is almost dead.
The giant cockroach bites you but does no damage.
You closely miss the giant cockroach. Your bite misses the giant cockroach.
The giant cockroach is almost dead.
The giant cockroach bites you.
You hit the giant cockroach.
You kill the giant cockroach!
No target in view!
You see here a giant cockroach corpse.
A worm comes into view.
Found 16 gold pieces.
You hit the worm. You bite the worm, but do no damage.
The worm is moderately wounded.
The worm barely misses you.
You hit the worm.
The worm is heavily wounded.
You hit the worm. You bite the worm, but do no damage.
The worm is almost dead.
You block the worm's attack.
You barely miss the worm.
The worm is severely wounded.
You hit the worm but do no damage. Your bite misses the worm.
The worm is severely wounded.
The worm bites you but does no damage.
You puncture the worm!
You kill the worm!
No target in view!
A frilled lizard comes into view.
The frilled lizard hisses angrily.
A frilled lizard is nearby!
You puncture the frilled lizard!
You kill the frilled lizard!
No target in view!
You now have 119 gold pieces (gained 16).
Found a stone staircase leading down.
Found a leather armour.
You now have 131 gold pieces (gained 12).
You pick up a Trismegistus Codex and begin reading...
You add the spells Cigotuvi's Dreadful Rot, Ignite Poison and Freezing Cloud to your library.
Found a ring mail.
j - 4 scrolls labelled KOLOL NYATHEOM (gained 3)
j - 5 scrolls labelled KOLOL NYATHEOM (gained 1)
Found a stone staircase leading down.
You now have 139 gold pieces (gained 8).
A goblin comes into view. It is wielding a +0 club.
The goblin shouts!
You hit the goblin.
The goblin is severely wounded.
The goblin hits you but does no damage.
You hit the goblin but do no damage. Your bite misses the goblin.
The goblin is severely wounded.
The goblin hits you but does no damage.
You hit the goblin.
You kill the goblin!
No target in view!
A kobold comes into view. It is wielding a +0 dagger.
The kobold shouts!
The kobold throws a stone.
The stone barely misses you.
The kobold throws a stone.
You block the stone. The kobold barely misses you.
You miss the kobold. The kobold hits you but does no damage.
You hit the kobold.
The kobold is heavily wounded.
You block the kobold's attack.
You hit the kobold but do no damage.
The kobold is heavily wounded.
The kobold barely misses you.
You barely miss the kobold. Your bite misses the kobold.
The kobold is heavily wounded.
You block the kobold's attack.
You hit the kobold.
You kill the kobold!
No target in view!
Things that are here:
a +0 dagger; a stone An endoplasm comes into view.
The endoplasm quivers.
An endoplasm is nearby!
Found a stone staircase leading up.
No target in view!
No target in view!
You hit the endoplasm.
The endoplasm is heavily wounded.
The endoplasm hits you but does no damage.
You hit the endoplasm.
You kill the endoplasm!
No target in view!
q - a bubbling inky potion
There is an open door here.
You open the door.
There is an open door here.
You open the door.
A bat comes into view.
The bat hits you but does no damage.
You hit the bat.
The bat is severely wounded.
The bat closely misses you.
You closely miss the bat. Your bite misses the bat.
The bat is severely wounded.
The bat hits you but does no damage. The bat barely misses you.
There is an open door here.
The bat barely misses you. The bat hits you but does no damage.
You miss the bat. Your bite misses the bat.
The bat is severely wounded.
The bat barely misses you. The bat closely misses you.
You hit the bat.
You kill the bat!
No target in view!
There is an open door here.
You open the door. You open the door. You open the door.
You see here 5 stones.
Done exploring.
There is a stone staircase leading down here.
You climb downwards.
There is a stone staircase leading up here.
As you read the scroll labelled KOLOL NYATHEOM, it crumbles to dust.
It is a scroll of identify.
e - a scroll of torment
As you read the scroll of identify, it crumbles to dust.
f - a scroll of fog
As you read the scroll of identify, it crumbles to dust.
n - 2 scrolls of vulnerability
As you read the scroll of identify, it crumbles to dust.
p - a scroll of silence An adder comes into view.
You hit the adder but do no damage. You bite the adder. You drain its power.
The adder is moderately wounded.
The adder barely misses you.
You hit the adder.
The adder is severely wounded.
You block the adder's attack. The adder bites you but does no damage.
You closely miss the adder.
The adder is severely wounded.
The adder barely misses you.
You barely miss the adder.
The adder is severely wounded.
The adder bites you but does no damage.
You closely miss the adder.
The adder is severely wounded.
The adder barely misses you. The adder closely misses you.
You hit the adder.
You kill the adder!
No target in view!
A bat comes into view.
The bat hits you.
You barely miss the bat. You bite the bat, but do no damage.
The bat barely misses you. The bat hits you but does no damage.
You closely miss the bat. Your bite misses the bat.
The bat hits you but does no damage.
A goblin comes into view. It is wielding a +0 club.
The goblin shouts!
The bat barely misses you. The bat hits you but does no damage.
You hit the bat. Your bite misses the bat.
The bat is heavily wounded.
The bat hits you but does no damage. You block the bat's attack.
You hit the goblin but do no damage. The bat barely misses you.
The goblin hits you but does no damage.
You puncture the goblin!
You kill the goblin!
The bat hits you but does no damage.
You puncture the bat!
You kill the bat!
No target in view!
Found an escape hatch in the floor.
A quokka comes into view.
Found a flail.
The quokka moves out of view.
No target in view!
No target in view!
Found a lumpy cyan potion.
Found a stone staircase leading up.
You hit the quokka. You bite the quokka. You drain its power.
The quokka is almost dead.
The quokka closely misses you. The quokka barely misses you.
You hit the quokka.
You kill the quokka!
No target in view!
You see here a quokka corpse.
There is a stone staircase leading up here.
A goblin comes into view. It is wielding a +0 club.
The goblin shouts!
You hear a shout! x2
A hobgoblin comes into view.
You see here a lumpy cyan potion.
There are monsters nearby!
Found 6 stones.
The goblin hits you but does no damage.
You hit the goblin.
The goblin is severely wounded.
You block the goblin's attack.
You barely miss the goblin. You bite the goblin.
You kill the goblin!
A ball python comes into view.
The ball python hisses angrily.
You hit the hobgoblin but do no damage. You bite the hobgoblin.
You drain its power.
The hobgoblin is lightly wounded.
A quokka comes into view.
The hobgoblin hits you but does no damage.
You hit the hobgoblin.
You kill the hobgoblin!
You hit the ball python but do no damage.
You bite the ball python.
You kill the ball python!
A bat comes into view.
A goblin comes into view. It is wielding a +0 dagger.
You closely miss the quokka.
The goblin shouts!
Your bite misses the quokka. The bat barely misses you.
The quokka bites you but does no damage.
You barely miss the quokka.
The quokka bites you but does no damage.
The bat hits you but does no damage.
A goblin comes into view. It is wielding a +0 dagger.
The quokka bites you.
You closely miss the quokka. Your bite misses the quokka.
You block the bat's attack.
The quokka bites you but does no damage.
You barely miss the quokka. You block the bat's attack.
You block the goblin's attack. The quokka barely misses you.
The bat barely misses you.
You hit the quokka.
The quokka is heavily wounded.
The bat hits you but does no damage. You block the quokka's attack.
You hit the quokka but do no damage. You bite the quokka.
You kill the quokka!
The bat hits you but does no damage. The goblin hits you but does no damage.
The bat barely misses you. The goblin hits you with a +0 dagger.
The goblin hits you but does no damage. You block the goblin's attack.
You hit the bat.
You kill the bat!
You block the goblin's attack. The goblin barely misses you.
The goblin attacks as you move away! You block the goblin's attack.
You see here a bat corpse.
You hit the goblin. You bite the goblin.
You kill the goblin!
You closely miss the goblin. You bite the goblin. You drain its power.
You feel invigorated.
The goblin is moderately wounded.
The goblin barely misses you.
You puncture the goblin!
You kill the goblin!
Things that are here:
a +0 dagger; a +0 dagger; a bat corpse
Things that are here:
a +0 club; a ball python corpse; a hobgoblin corpse
r - a lumpy cyan potion
Things that are here:
a +0 dagger; a +0 dagger; a bat corpse A kobold comes into view.
It is wielding a +0 short sword.
The kobold throws a stone.
The stone barely misses you.
The kobold throws a stone.
You block the stone.
You hit the kobold.
You kill the kobold!
No target in view!
You now have 144 gold pieces (gained 5).
j - 2 scrolls of identify (gained 1)
s - a wand of acid (6)
t - a scroll labelled IZAZIO XAFAWK
u - a +4 ring of protection
u - a +4 ring of protection (left hand)
As you read the scroll of identify, it crumbles to dust.
t - a scroll of amnesia You now have 154 gold pieces (gained 10).
A worm comes into view.
You hit the worm.
The worm is lightly wounded.
You hit the worm.
The worm is heavily wounded.
You block the worm's attack.
You hit the worm but do no damage.
The worm is moderately wounded.
The worm barely misses you.
You hit the worm. You bite the worm. You drain its power.
The worm is severely wounded.
You hit the worm.
The worm is almost dead.
The worm misses you.
You hit the worm but do no damage.
The worm is severely wounded.
You block the worm's attack.
You completely miss the worm.
The worm is severely wounded.
You barely miss the worm.
The worm is severely wounded.
The worm bites you.
You hit the worm.
The worm is almost dead.
You hit the worm but do no damage. Your bite misses the worm.
The worm is almost dead.
The worm bites you but does no damage.
You hit the worm but do no damage. Your bite misses the worm.
The worm is almost dead.
The worm bites you but does no damage.
You puncture the worm!
You kill the worm!
No target in view!
You open the door.
Found a stone staircase leading down.
There is an open door here.
A hobgoblin comes into view.
The hobgoblin shouts!
The hobgoblin hits you but does no damage.
You hit the hobgoblin. Your bite misses the hobgoblin.
The hobgoblin is heavily wounded.
The hobgoblin closely misses you.
You closely miss the hobgoblin.
The hobgoblin is heavily wounded.
The hobgoblin barely misses you.
You hit the hobgoblin.
You kill the hobgoblin!
No target in view!
No target in view!
You see here a hobgoblin corpse.
You see here a hobgoblin corpse.
A ball python comes into view.
The ball python hisses angrily.
You puncture the ball python!
You kill the ball python!
No target in view!
No target in view!
You pick up a book of Burglary and begin reading...
You add the spells Passwall, Ensorcelled Hibernation and Swiftness to your library.
You now have 163 gold pieces (gained 9).
As you open the door, it creaks loudly!
Found an ornate altar of the Wu Jian Council.
There is an open door here.
There is an open door here.
v - 3 scrolls labelled KUNTEIGHEMEWK You open the door. 4 orcs come into view.
An orc is wielding a +0 falchion and wearing a +2 leather armour of fire resistance.
The orc shouts! x3
Found a warped emerald amulet.
You hit the orc. You bite the orc. You drain its power.
The orc is severely wounded.
The orc hits you but does no damage. x2
You hit the orc.
You kill the orc!
You closely miss the orc. You bite the orc, but do no damage.
The orc barely misses you.
You hit the orc. You bite the orc.
You kill the orc!
You hit the orc.
The orc is almost dead.
The orc hits you but does no damage.
You puncture the orc!
You kill the orc!
You hit the orc but do no damage. You block the orc's attack.
You closely miss the orc. You bite the orc. You drain its power.
The orc is lightly wounded.
The orc barely misses you.
You hit the orc. You bite the orc, but do no damage.
The orc is almost dead.
The orc hits you but does no damage.
You hit the orc but do no damage. Your bite misses the orc.
The orc is almost dead.
The orc hits you but does no damage.
You hit the orc.
You kill the orc!
Items here: )))) [ ††.
w - a +2 leather armour of fire resistance You start removing your armour.
You continue taking off your +0 scale mail. x4
You finish taking off your +0 scale mail.
You start putting on your armour.
You continue putting on your +2 leather armour of fire resistance. x5
You finish putting on your +2 leather armour of fire resistance.
You feel resistant to fire.
You drop a +0 scale mail.
There is an open door here.
Found a falchion.
b - the amulet of Wosujesh {Harm +Inv rC- Regen+ SInv}
There are no items here.
A frilled lizard comes into view.
The frilled lizard bites you but does no damage.
You hit the frilled lizard.
You kill the frilled lizard!
No target in view!
Found an escape hatch in the ceiling.
Found a ring mail.
You see here a +0 ring mail.
A bat comes into view.
The bat barely misses you. The bat hits you but does no damage.
The bat closely misses you.
You hit the bat but do no damage. Your bite misses the bat.
The bat hits you but does no damage. The bat barely misses you.
You hit the bat but do no damage. You block the bat's attack.
The bat barely misses you.
You closely miss the bat. The bat hits you but does no damage.
You barely miss the bat. The bat hits you but does no damage.
The bat closely misses you.
You hit the bat.
You kill the bat!
No target in view!
No target in view!
No target in view!
Terence the Incautious comes into view.
He is wielding a +0 mace.
Terence shouts!
You hit Terence. Your bite misses Terence.
Terence is moderately wounded.
Terence hits you but does no damage.
You hit Terence but do no damage. You bite Terence. You drain his power.
Terence is heavily wounded.
Terence hits you with a +0 mace.
You barely miss Terence.
Terence is heavily wounded.
Terence hits you but does no damage.
You hit Terence but do no damage.
Terence is heavily wounded.
Terence looks scornfully at you. Terence misses you.
You hit Terence. You bite Terence. You drain his power.
Terence is almost dead.
Terence barely misses you.
You closely miss Terence.
Terence is almost dead.
Terence hits you with a +0 mace.
You barely miss Terence.
Terence is almost dead.
Terence hits you with a +0 mace!
You hit Terence.
You kill Terence!
You have reached level 5!
Things that are here:
a +0 mace; a +0 scale mail; the human corpse of Terence HP restored.
Magic restored.
A ball python comes into view.
The ball python hisses angrily.
You hit the ball python.
You kill the ball python!
No target in view!
Found a stone staircase leading up.
An endoplasm comes into view.
There is an open door here.
The endoplasm quivers.
The endoplasm jiggles.
The endoplasm barely misses you.
You hit the endoplasm.
The endoplasm is severely wounded.
The endoplasm hits you but does no damage.
You hit the endoplasm.
You kill the endoplasm!
No target in view!
A hobgoblin comes into view.
It is wielding a +0 spear and wearing the ring of Checkmate {Fire rCorr Dex+4}.
The hobgoblin shouts!
The hobgoblin closely misses you.
You hit the hobgoblin.
You kill the hobgoblin!
x - the ring of Checkmate {Fire rCorr Dex+4}
z - a puce potion You now have 179 gold pieces (gained 16).
You see here a +0 spear.
As you read the scroll of identify, it crumbles to dust.
v - 3 scrolls of magic mapping
There is a stone staircase leading up here.
Things that are here:
a +0 mace; a +0 scale mail; the human corpse of Terence A dart slug comes into view.
The dart slug bites you but does no damage.
You hit the dart slug.
The dart slug is lightly wounded.
The dart slug launches a dart at you. The slug dart hits you.
A dart slug is nearby!
You hit the dart slug. You bite the dart slug.
You kill the dart slug!
No target in view!
Found a stone staircase leading down.
You open the door.
Found a stone staircase leading down.
There is an open door here.
You now have 193 gold pieces (gained 14).
As you open the door, it creaks loudly!
There is an open door here.
There is an open door here.
There is an open door here.
As you open the door, it creaks loudly!
There is an open door here.
You open the door.
There is an open door here.
Things that are here:
a +0 dagger; a +0 dagger
There is a stone staircase leading up here.
Found a pair of gloves.
There is an escape hatch in the floor here.
You see here a +0 pair of gloves.
j - a +0 pair of gloves You start putting on your armour.
You continue putting on your +0 pair of gloves. x4
You finish putting on your +0 pair of gloves.
Done exploring.
You open the door.
There is an open door here.
There is an open door here.
There is a stone staircase leading down here.
Unknown command.
You climb downwards.
The orc shouts!
You hear a shout!
There is a stone staircase leading up here.
No target in view!
A goblin comes into view. It is wielding a +0 club.
A phantom comes into view.
A kobold comes into view. It is wielding a +0 club.
The goblin shouts!
You hear a shout!
You hit the orc. Your bite misses the orc.
The orc is heavily wounded.
You block the orc's attack.
You hit the orc.
You kill the orc!
There is a stone staircase leading up here.
You hit the goblin.
You kill the goblin!
You block the kobold's attack.
You climb upwards.
There is a stone staircase leading down here.
You hit the kobold.
You kill the kobold!
Things that are here:
a +0 club; a kobold corpse
There is a stone staircase leading down here.
You climb downwards.
The phantom hits you.
The phantom blinks!
You blink.
You closely miss the phantom. You bite the phantom. You drain its power.
You feel invigorated.
The phantom is lightly damaged.
The phantom barely misses you.
You hit the phantom. You bite the phantom. You drain its power.
The phantom is moderately damaged.
The phantom barely misses you.
You hit the phantom. Your bite misses the phantom.
The phantom is heavily damaged.
The phantom hits you but does no damage.
You hit the phantom. Your bite misses the phantom.
The phantom is heavily damaged.
The phantom hits you but does no damage.
The phantom closely misses you.
You hit the phantom but do no damage.
The phantom is heavily damaged.
The phantom hits you but does no damage.
You barely miss the phantom. You bite the phantom. You drain its power.
The phantom is almost destroyed.
The phantom hits you but does no damage.
You barely miss the phantom.
The phantom is almost destroyed.
The phantom hits you but does no damage.
You hit the phantom. Your bite misses the phantom.
The phantom is almost destroyed.
The phantom hits you but does no damage.
You completely miss the phantom. You bite the phantom.
You destroy the phantom!
Your Short Blades skill increases to level 4!
No target in view!
There is a stone staircase leading up, spattered with blood here.
You climb upwards.
There is a stone staircase leading down here.
Things that are here:
a +0 club; a kobold corpse
There is a stone staircase leading down here.
You climb downwards.
There is a stone staircase leading up, spattered with blood here.
An orc comes into view. It is wielding a +0 whip.
Found 8 stones.
The orc shouts!
An orc comes into view. It is wielding a +0 dagger.
The orc barely misses you.
You puncture the orc!
You kill the orc!
An orc comes into view. It is wielding a +0 trident.
You hit the orc. Your bite misses the orc.
The orc is moderately wounded.
The orc closely misses you.
You hit the orc.
The orc is heavily wounded.
The orc barely misses you. x2
You hit the orc but do no damage.
The orc is heavily wounded.
The orc hits you but does no damage.
You barely miss the orc. Your bite misses the orc.
The orc is heavily wounded.
The orc hits you but does no damage. x2
You closely miss the orc.
The orc is heavily wounded.
The orc hits you with a +0 dagger. The orc hits you but does no damage.
You hit the orc.
The orc is severely wounded.
The orc hits you but does no damage. x2
You hit the orc but do no damage. You bite the orc. You drain its power.
The orc is severely wounded.
The orc hits you with a +0 dagger. The orc closely misses you.
You hit the orc but do no damage. You bite the orc.
You kill the orc!
The orc hits you but does no damage. x2
The orc hits you but does no damage.
Things that are here:
a +0 whip; an orc corpse You completely miss the orc.
You block the orc's attack.
You hit the orc but do no damage. You bite the orc, but do no damage.
The orc closely misses you.
You barely miss the orc. Your bite misses the orc. You block the orc's attack.
You hit the orc. You bite the orc. You drain its power.
You feel invigorated.
The orc is severely wounded.
The orc hits you but does no damage.
You hit the orc.
You kill the orc!
You have reached level 6!
Things that are here:
a +0 trident; an orc corpse A phantom comes into view.
A phantom is nearby!
Things that are here:
a +0 trident; an orc corpse
Things that are here:
a +0 whip; an orc corpse
Things that are here:
a +0 dagger; a +0 scale mail; an orc corpse A gnoll comes into view.
It is wielding a +0 whip.
The gnoll shouts!
A jelly comes into view.
The jelly quivers.
A gnoll comes into view. It is wielding a +0 whip.
There is a stone staircase leading up, spattered with blood here.
A gnoll comes into view. It is wielding a +0 club.
The gnoll shouts!
You hit the gnoll but do no damage. You bite the gnoll. You drain its power.
The gnoll is heavily wounded.
The gnoll barely misses you.
You hit the gnoll. Your bite misses the gnoll.
The gnoll is severely wounded.
The gnoll hits you with a +0 whip.
You barely miss the gnoll. Your bite misses the gnoll.
The gnoll is severely wounded.
HP restored.
The jelly misses you. The gnoll misses you. x2
You climb upwards.
There is a stone staircase leading down here.
The gnoll hits you but does no damage. The jelly closely misses you.
Things that are here:
a +0 club; a kobold corpse You block the gnoll's attack.
The jelly jiggles.
You closely miss the gnoll.
The gnoll is severely wounded.
The gnoll hits you but does no damage.
You hit the gnoll.
The gnoll is almost dead.
The gnoll misses you.
You barely miss the gnoll. You bite the gnoll, but do no damage.
The gnoll is almost dead.
The gnoll hits you but does no damage.
You hit the gnoll but do no damage.
The gnoll is almost dead.
The gnoll hits you but does no damage.
You barely miss the gnoll. You bite the gnoll.
You kill the gnoll!
You hit the gnoll. Your bite misses the gnoll.
The gnoll is moderately wounded.
The gnoll hits you but does no damage.
You hit the gnoll.
The gnoll is moderately wounded.
The gnoll hits you but does no damage.
You hit the gnoll. You bite the gnoll, but do no damage.
The gnoll is severely wounded.
The gnoll hits you with a +0 whip.
You hit the gnoll. You bite the gnoll.
You kill the gnoll!
You hit the jelly. The acid corrodes you!
Your hands burn!
You bite the jelly. You drain its power.
You feel invigorated.
The jelly is lightly wounded.
The jelly closely misses you.
You hit the jelly.
Your hands burn!
The jelly is moderately wounded.
The jelly barely misses you.
You puncture the jelly! The acid corrodes you!
Your hands burn!
You bite the jelly, but do no damage.
The jelly is almost dead.
The jelly barely misses you.
You hit the jelly. The acid corrodes you!
Your hands burn!
The jelly is almost dead.
The jelly hits you but does no damage.
You hit the jelly but do no damage.
Your hands burn!
You bite the jelly.
You kill the jelly!
Things that are here:
a +0 whip; a +0 whip; a gnoll corpse
Things that are here:
a +0 club; a kobold corpse
There is a stone staircase leading down here.
You start resting.
HP restored.
You climb downwards.
The gnoll hits you with a +0 club!
There is a stone staircase leading up, spattered with blood here.
You barely miss the gnoll. The gnoll hits you with a +0 club.
You hit the gnoll but do no damage. You bite the gnoll, but do no damage.
The gnoll hits you with a +0 club.
You hit the gnoll but do no damage. You block the gnoll's attack. x2
You hit the gnoll but do no damage. Your bite misses the gnoll.
The gnoll hits you with a +0 club.
You hit the gnoll but do no damage. Your bite misses the gnoll.
The gnoll hits you with a +0 club.
You hit the gnoll but do no damage. You block the gnoll's attack.
You hit the gnoll but do no damage. You bite the gnoll, but do no damage.
You block the gnoll's attack.
You hit the gnoll but do no damage. You bite the gnoll, but do no damage.
The gnoll hits you with a +0 club.
You barely miss the gnoll. The gnoll hits you with a +0 club.
You hit the gnoll but do no damage. The gnoll hits you with a +0 club.
* * * LOW HITPOINT WARNING * * *
You hit the gnoll but do no damage. The gnoll hits you with a +0 club.
* * * LOW HITPOINT WARNING * * *
You barely miss the gnoll. Your bite misses the gnoll.
You block the gnoll's attack.
You barely miss the gnoll. Your bite misses the gnoll.
The gnoll hits you with a +0 club.
* * * LOW HITPOINT WARNING * * *
Press: ? - help, v - describe, . - travel
Here: a gnoll, wielding a +0 club The floor.
Unknown command.
The gnoll attacks as you move away! The gnoll hits you with a +0 club!
You die...

Skill      XL: |  1  2  3  4  5 |
---------------+----------------+-----
Short Blades   | 2 3 4 |  4.2
Fighting       | 3 |  3.8
Shields        | 3 |  3.8
Armour         | |  2.4

Action                     |  1- 3 |  4- 6 || total
---------------------------+-------+-------++-------
  Melee: Rapier            |    81 |   171 ||   252
         Bite              |    20 |    41 ||    61
    Use: Scroll            |       |     6 ||     6
 Armour: Scale mail        |    36 |    43 ||    79
         Leather armour    |       |    32 ||    32
  Dodge: Dodged            |    33 |    62 ||    95
  Block: Buckler           |    16 |    34 ||    50

Levels and vault maps discovered:
D:1:      roderic_dead_forest, layout_rooms, serial_co_window_serial,
          co_window_corner_a, co_window_paths_b, co_window_corner_a,
          co_window_corner_a, co_window_corner_a, co_window_cross_1,
          co_window_corner_a, co_window_broadway_b, co_window_broadway_b,
          co_window_broadway_a, co_window_corner_ca, co_window_of_opportunity_c,
          co_window_corner_b, glass_columns_b, glass_columns_a, serial_shops,
          shop
D:2:      minmay_door_path, layout_rooms
D:3:      layout_loops_corners, nicolae_wu_jian_immortal_techniques,
          minmay_vboxes, uniq_terence
D:4:      layout_basic, gammafunk_ghost_icy, serial_co_window_serial,
          co_window_paths_b, co_window_paths_a, co_window_of_opportunity_a,
          co_window_paths_b, co_window_paths_a, co_window_corner_a,
          co_window_paths_b, co_window_2corner, co_window_unsneaky_path_c,
          co_window_unsneaky_path_d, co_window_paths_e, glass_columns_b,
          glass_columns_a, glass_columns_c

Notes
Turn   | Place    | Note
-------+----------+-------------------------------------------
     0 | D:1      | scionoferis the Vine Stalker Fighter began the quest for
                  | the Orb.
     0 | D:1      | Reached XP level 1. HP: 11/11 MP: 2/2
    74 | D:1      | Reached skill level 2 in Short Blades
   140 | D:1      | Reached XP level 2. HP: 16/16 MP: 3/3
   363 | D:1      | Found Junuiciz's Book Boutique.
   552 | D:1      | Reached skill level 3 in Fighting
   552 | D:1      | Reached skill level 3 in Shields
   552 | D:1      | Reached XP level 3. HP: 20/20 MP: 4/4
   820 | D:1      | Upgraded the game from 0.30-a0-1112-gfb780f5df6 to
                  | 0.30-a0-1114-gd936c97349
  1063 | D:2      | Reached skill level 3 in Short Blades
  1063 | D:2      | Gained mutation: Your natural rate of healing is unusually
                  | fast. [Vine Stalker growth]
  1063 | D:2      | Reached XP level 4. HP: 24/24 MP: 5/5
  1717 | D:3      | Found an ornate altar of the Wu Jian Council.
  1802 | D:3      | Identified the amulet of Wosujesh {Harm +Inv rC- Regen+
                  | SInv}
  1947 | D:3      | Noticed Terence
  1959 | D:3      | Killed Terence
  1960 | D:3      | Reached XP level 5. HP: 20/28 MP: 4/6
  2019 | D:3      | Identified the ring of Checkmate {Fire rCorr Dex+4}
  2403 | D:4      | Noticed a phantom
  2426 | D:4      | Killed a phantom
  2427 | D:4      | Reached skill level 4 in Short Blades
  2456 | D:4      | Reached XP level 6. HP: 33/33 MP: 7/7
  2517 | D:4      | Slain by a gnoll

Vanquished Creatures
  A phantom (D:4)
  A jelly (D:3)
  Terence (D:3)
  2 gnolls (D:3)
  3 adders (D:2 D:3)
  3 worms (D:2 D:3)
  3 dart slugs (D:1 D:3)
  8 orcs (D:3 D:4)
  6 ball pythons (D:1 D:3)
  6 endoplasms (D:1 D:2 D:3)
  2 giant cockroaches (D:2)
  12 goblins (D:1 D:2 D:3 D:4)
  8 hobgoblins (D:1 D:2 D:3)
  3 kobolds (D:2 D:3)
  5 quokkas (D:1 D:2 D:3)
  10 bats (D:1 D:2 D:3)
  2 frilled lizards (D:2 D:3)
  A rat (D:1)
77 creatures vanquished.

Table legend: (Time is in decaauts)
 A = Elapsed time spent in this place.
 B = Non-inter-level travel time spent in this place.
 C = Inter-level travel time spent in this place.
 D = Time resting spent in this place.
 E = Time spent auto-exploring this place.
 F = Levels seen in this place.
 G = Mean time per level.
                   A        B        C        D        E       F      G
               +--------+--------+--------+--------+--------+-----+--------+
         Total |   2538 |   2463 |     75 |      5 |   1804 |   4 |  634.5 |
       Dungeon |   2538 |   2463 |     75 |      5 |   1804 |   4 |  634.5 |
               +--------+--------+--------+--------+--------+-----+--------+

Top non-repeatable levels by time:
     D:3: 993 daAuts
     D:1: 855 daAuts
     D:2: 605 daAuts
     D:4: 85 daAuts

Table legend:
 A = Non-vault XP
 B = Vault XP
 C = Vault XP percentage of total XP
 D = Non-vault monster count
 E = Vault monster count
 F = Vault count percentage of total count
                 A         B        C        D         E       F
            +---------+---------+-------+---------+---------+-------
      Total |     342 |      50 |  12.8 |      67 |      10 |  13.0
            +---------+---------+-------+---------+---------+-------
        D:1 |      45 |       0 |   0.0 |      22 |       0 |   0.0
        D:2 |      61 |       2 |   3.2 |      17 |       2 |  10.5
        D:3 |     127 |      48 |  27.4 |      22 |       8 |  26.7
        D:4 |     109 |       0 |   0.0 |       6 |       0 |   0.0
            +---------+---------+-------+---------+---------+-------
